cohdb
Replays
Latest Replays
All Replays
Popular Replays
Top Player Replays
Match Explorer
How It Works
Community
CoH3 Stats
Reddit
Sign in to upload your games and track your stats! →
Sign in with Steam
Match 39848754
Unlisted
Match 39848754
Overview
Messages
Build Orders
End
250 Light Carrier
Selects Panzerjäger Kommand Battlegroup
Selects Blockade Equipment
Kradschützen Motorcycle Team
Panzerpioneer Squad
Panzergrenadier Squad
Construct Light Support Kompanie
MG34 Team
Construct Mechanized Kompanie
Selects Tank Busters
Selects Defensive Positions
Panzergrenadier Squad
8 Rad Armored Car
254 Reconnaissance Tractor
Panzerpioneer Squad
Support Armor Elements
Veteran Squad Leaders
Panzerjäger Mechanized Group
StuG III D Assault Gun
Selects Crew Shock Tactics
Selects Butterfly Bomb Drop
18-tonne Recovery Half-track
Butterfly Bomb Drop
2.5-tonne Medical Truck
Vehicle Survival Package
Flakvierling Half-track
254 Reconnaissance Tractor
StuG III D Assault Gun
Dromaeda
rmsi
Banania
Kylen
NSAsBest
mattw02823
0
0
Comments
sign in to comment!
No comments posted yet!